[Event "Team 45 45 League T37"]
[Site "Internet Chess Club"]
[Date "2008.06.02"]
[Round "5"]
[White "gsloan"]
[Black "jjaillet2007"]
[Result "0-1"]
[WhiteElo "1217"]
[BlackElo "1249"]
[Opening "French: advance, Paulsen attack"]
[ECO "C02"]
[Time "21:11:15"]
[TimeControl "2700+45"]

1. e4 e6 2. d4 d5 3. e5 c5 4. c3 Nc6 5. Nf3 cxd4 6. cxd4 f6 7. Nc3 fxe5 8. Nxe5
Nxe5 9. dxe5 Bb4 10. Bd2 Ne7 11. Qa4+ Nc6 12. Bb5 Qe7 13. a3 Bxc3 14. Bxc6+ Bd7
15. Bxd7+ Qxd7 16. Qxd7+ Kxd7 17. Bxc3 Rhf8 18. O-O h5 19. Rad1 Rf5 20. Rd3 Rc8
21. Re1 Rcf8 22. f3 g5 23. g3 h4 24. g4 R5f7 25. h3 Rxf3 26. Rxf3 Rxf3 27. Kg2
Rg3+ 28. Kh2 Kc6 29. Rf1 Kc5 30. Rf6 d4 31. Bb4+ Kd5 32. Rg6 Rb3 33. Rxg5 Rxb2+
34. Kg1 d3 35. Rh5 Rxb4 36. axb4 d2 37. Rh7 d1=Q+ 38. Kh2 Qc2+ 39. Kg1 {White
resigns} 0-1

[Event "Team 45 45 League T37"]
[Site "Internet Chess Club"]
[Date "2008.05.25"]
[Round "5"]
[White "DrOMM"]
[Black "anatolybcn"]
[Result "1-0"]
[WhiteElo "1186"]
[BlackElo "1180"]
[Opening "French: advance variation"]
[ECO "C02"]
[Time "16:29:00"]
[TimeControl "2700+45"]

1. e4 e6 2. d4 d5 3. e5 Ne7 4. Nf3 Nf5 5. g4 Nh4 6. Qd3 Nxf3+ 7. Qxf3 h6 8. Nc3
c5 9. Be3 Nc6 10. O-O-O cxd4 11. Bxd4 Nxd4 12. Rxd4 Qb6 13. Rd2 Be7 14. Rd1 Bg5+
15. Kb1 a5 16. Nb5 Bd7 17. Nd6+ Ke7 18. Qxf7+ Kd8 19. Qxg7 Kc7 20. Bb5 Rad8 21.
Bxd7 Rhg8 22. Qh7 Kb8 23. Bxe6 Qc7 24. Bxg8 Qxh7 25. Bxh7 {Black resigns} 1-0

[Event "Team 45 45 League T37"]
[Site "Internet Chess Club"]
[Date "2008.05.22"]
[Round "5"]
[White "tcianciola"]
[Black "squeege"]
[Result "0-1"]
[WhiteElo "1064"]
[BlackElo "1167"]
[Opening "QGD: Marshall defense"]
[ECO "D06"]
[Time "19:05:57"]
[TimeControl "2700+45"]

1. d4 d5 2. c4 Nf6 3. Nc3 dxc4 4. e4 Bg4 5. f3 Bh5 6. Bxc4 e6 7. Nge2 Bb4 8. Qb3
Nc6 9. Bb5 Bxc3+ 10. bxc3 O-O 11. Bg5 Na5 12. Qb4 a6 13. Ba4 Nc6 14. Qxb7 Na5
15. Qb4 c5 16. Qxc5 Rc8 17. Qe5 Nc4 18. Qg3 Ne3 19. Bxf6 Qxf6 20. Qf2 Nc2+ 21.
Bxc2 Rfd8 22. e5 Qe7 23. O-O a5 24. g4 Bg6 25. Bxg6 hxg6 26. Rfd1 a4 27. a3 Rb8
28. Rab1 Rb3 29. Rxb3 axb3 30. Rb1 Qxa3 31. Nc1 Rb8 32. Qb2 Qa6 33. Nxb3 Qd3 34.
Qd2 Qxb1+ 35. Nc1 Rb2 36. Qe1 Rc2 37. Nd3 Qxe1+ 38. Nxe1 Rxc3 39. f4 Rc1 40. Kf2
f5 41. g5 Ra1 42. Ke3 Rxe1+ 43. Kf3 Re4 44. h3 Rxd4 45. Kg3 Kf7 46. h4 Ke7 47.
Kf3 Kd7 48. Ke3 Ra4 49. Kf3 Kc6 50. Ke3 Kc5 51. Kf3 Kd4 52. Kg3 Ke3 53. Kh3 Rxf4
{White resigns} 0-1

[Event "Team 45 45 League T37"]
[Site "Internet Chess Club"]
[Date "2008.05.22"]
[Round "5"]
[White "reverendjim"]
[Black "Visin"]
[Result "1/2-1/2"]
[WhiteElo "1182"]
[BlackElo "1370"]
[Opening "Ruy Lopez: closed, 8.c3"]
[ECO "C89"]
[Time "23:31:13"]
[TimeControl "2700+45"]

1. e4 e5 2. Nf3 Nc6 3. Bb5 a6 4. Ba4 Nf6 5. O-O b5 6. Bb3 Be7 7. Re1 O-O 8. c3
Bb7 9. d4 exd4 10. cxd4 d6 11. d5 Ne5 12. Nc3 b4 13. Ne2 Nxf3+ 14. gxf3 Nd7 15.
Ng3 Bg5 16. Kh1 Qf6 17. Qe2 Ne5 18. Nh5 Qxf3+ 19. Qxf3 Nxf3 20. Rf1 Rfe8 21.
Bxg5 Nxg5 22. f3 a5 23. Bc4 Ba6 24. b3 Bxc4 25. bxc4 a4 26. Kg2 f6 27. h4 Nf7
28. Nf4 Nd8 29. Nd3 Rb8 30. Rfb1 b3 31. axb3 Rxb3 32. Rxb3 axb3 33. Rb1 c6 34.
Rxb3 cxd5 35. cxd5 Nf7 36. Rb6 h6 37. Nf2 Rd8 38. f4 h5 39. Nd3 g5 40. fxg5 fxg5
41. hxg5 Nxg5 42. Nf4 Nxe4 43. Nxh5 Rf8 44. Ng3 Nxg3 45. Kxg3 Rf6 46. Kg4 Kg7
47. Rb7+ Kg6 48. Re7 Rf1 {Game drawn by mutual agreement} 1/2-1/2

[Event "Team 45 45 League T37"]
[Site "Internet Chess Club"]
[Date "2008.05.24"]
[Round "5"]
[White "smcintyr11"]
[Black "chips"]
[Result "1-0"]
[WhiteElo "1208"]
[BlackElo "1070"]
[Opening "Owen defense"]
[ECO "B00"]
[Time "10:58:56"]
[TimeControl "2700+45"]

1. e4 b6 2. d4 Bb7 3. Nc3 e6 4. Bb5 c6 5. Bd3 Be7 6. Nf3 Ba6 7. Bxa6 Nxa6 8. O-O
Bb4 9. Ne2 Nf6 10. Bg5 Be7 11. Nc3 Ng8 12. Bf4 c5 13. d5 exd5 14. Nxd5 Nf6 15.
Re1 Nxd5 16. Qxd5 O-O 17. a3 Bf6 18. e5 Nc7 19. Qd3 Be7 20. Rad1 Ne6 21. Bg3 Qc8
22. Qxd7 Re8 23. Nh4 Nd4 24. Qxc8 Raxc8 25. Rd2 Bg5 26. f4 Bxh4 27. Bxh4 Nf5 28.
Bf2 Rcd8 29. Red1 Rc8 30. g3 c4 31. Rd5 Ne7 32. Rd7 Ra8 33. Rc7 b5 34. Rxa7 Rxa7
35. Bxa7 Nc6 36. Bb6 g6 37. c3 Rb8 38. Bc5 Na5 39. Bb4 Nc6 40. Rd6 Nxb4 41. cxb4
Kf8 42. Kf2 Ke7 43. Ke3 Rb7 44. Kd4 Rc7 45. Kd5 h6 46. Rc6 Rb7 47. Kc5 Rd7 48.
Kxb5 Rd2 49. Rc7+ Ke6 50. Rxc4 Rxb2 51. Rc3 Rxh2 52. a4 g5 53. fxg5 hxg5 54. a5
Kxe5 55. Rc5+ Kf6 56. Rc3 Ra2 57. a6 Ke7 58. Kb6 f5 59. Kb7 f4 60. gxf4 gxf4 61.
a7 Ke6 62. a8=Q Rxa8 63. Kxa8 Kf5 64. b5 Kg4 65. b6 f3 66. Rxf3 Kxf3 67. b7 Kg2
68. b8=Q Kh1 69. Qg8 Kh2 70. Kb7 Kh1 71. Kc6 Kh2 72. Kd5 Kh1 73. Ke4 Kh2 74. Kf3
{Black resigns} 1-0

[Event "Team 45 45 League T37"]
[Site "Internet Chess Club"]
[Date "2008.05.25"]
[Round "5"]
[White "king4aknight"]
[Black "rpgrossman"]
[Result "1-0"]
[WhiteElo "1086"]
[BlackElo "1081"]
[Opening "Sicilian: closed, 2...Nc6"]
[ECO "B23"]
[Time "11:00:26"]
[TimeControl "2700+45"]

1. e4 c5 2. Nc3 Nc6 3. Bc4 e6 4. d3 Nf6 5. Qe2 d5 6. e5 Nd7 7. Bb5 a6 8. Bxc6
bxc6 9. Nf3 Qa5 10. Ng5 d4 11. Qf3 dxc3 12. Qxf7+ Kd8 13. Nxe6# {Black
checkmated} 1-0

[Event "Team 45 45 League T37"]
[Site "Internet Chess Club"]
[Date "2008.05.24"]
[Round "5"]
[White "Daidalos"]
[Black "kjs110"]
[Result "0-1"]
[WhiteElo "1090"]
[BlackElo "1112"]
[Opening "King's Indian: 4.e4"]
[ECO "E70"]
[Time "13:55:21"]
[TimeControl "2700+45"]

1. c4 Nf6 2. d4 g6 3. Nc3 Bg7 4. e4 O-O 5. Be3 d6 6. Bd3 e5 7. d5 Nbd7 8. Nge2
Nc5 9. O-O Nfd7 10. Qc2 f5 11. f3 f4 12. Bxc5 Nxc5 13. b4 Nxd3 14. Qxd3 c6 15.
b5 cxd5 16. Qxd5+ Kh8 17. Rad1 Re8 18. Qxd6 Qxd6 19. Rxd6 Bf8 20. Rd3 Be6 21.
Nd5 Rac8 22. Rc1 Rc5 23. Rdc3 g5 24. Nf6 Rd8 25. Nd5 g4 26. Kf2 gxf3 27. Kxf3
Rcc8 28. a4 Bc5 29. h3 Rg8 30. Nf6 Rg6 31. Ng4 Bb4 32. R3c2 Ba3 33. Ra1 Bc5 34.
Nxe5 Rg5 35. Ng4 Rd8 36. Kxf4 Be7 37. Ng3 Rf8+ 38. Ke3 Bc5+ 39. Ke2 Bd6 40. Rc3
Bxg4+ 41. hxg4 Be5 42. Rac1 Bxc3 43. Rxc3 Rxg4 44. Rf3 Rfg8 45. Kf2 b6 46. e5
Rxc4 47. Ra3 Rf8+ 48. Ke3 Rg4 49. Ne4 h5 50. g3 Re8 51. Kd4 Rd8+ 52. Ke3 Rd5 53.
Kf3 Rxe5 54. Nf6 Rf5+ 55. Kg2 Rxf6 56. Rf3 Rd6 57. Rf4 Rxf4 58. gxf4 Rd4 59. Kf3
Rxa4 60. f5 Kg7 61. Kg3 Kf6 62. Kh3 Kxf5 63. Kg3 Rb4 64. Kh3 Kg5 65. Kg3 Rxb5
{White resigns} 0-1

[Event "Team 45 45 League T37"]
[Site "Internet Chess Club"]
[Date "2008.05.23"]
[Round "5"]
[White "az2112"]
[Black "vkpanch"]
[Result "0-1"]
[WhiteElo "1697"]
[BlackElo "1687"]
[Opening "Sicilian: accelerated fianchetto, Breyer variation"]
[ECO "B39"]
[Time "21:33:42"]
[TimeControl "2700+45"]

1. e4 c5 2. Nf3 Nc6 3. d4 cxd4 4. Nxd4 g6 5. c4 Bg7 6. Be3 Nf6 7. Nc3 Ng4 8.
Qxg4 Nxd4 9. Qd1 Nc6 10. Rc1 O-O 11. Be2 d6 12. Qd2 Re8 13. O-O Bd7 14. f4 Qa5
15. c5 Rad8 16. cxd6 exd6 17. Qxd6 Bg4 18. Qc5 Bxe2 19. Nxe2 Rxe4 20. Ng3 Rxe3
21. Qxa5 Nxa5 22. Rc5 Bd4 {White resigns} 0-1

[Event "Team 45 45 League T37"]
[Site "Internet Chess Club"]
[Date "2008.05.23"]
[Round "5"]
[White "sakschess"]
[Black "Chess2Play"]
[Result "1/2-1/2"]
[WhiteElo "1483"]
[BlackElo "1588"]
[Opening "Sicilian: Alapin's variation (2.c3)"]
[ECO "B22"]
[Time "20:02:06"]
[TimeControl "2700+45"]

1. e4 c5 2. c3 d5 3. exd5 Qxd5 4. Nf3 Bg4 5. Be2 Nc6 6. d3 Nf6 7. Be3 e5 8. O-O
e4 9. dxe4 Qxd1 10. Rxd1 Nxe4 11. Na3 Be7 12. Nc4 O-O 13. h3 Be6 14. Nfe5 Nxe5
15. Nxe5 Rfd8 16. Bf3 Nf6 17. b3 Bd5 18. c4 Bxf3 19. Nxf3 Nd7 20. Rd2 b6 21.
Rad1 Nf6 22. Rxd8+ Rxd8 23. Rxd8+ Bxd8 24. Bg5 Bc7 25. Bxf6 gxf6 26. Nd2 Kg7 27.
Nf1 Kg6 28. Ne3 f5 29. Nd5 Bd8 30. Kh2 Kg5 31. f4+ Kg6 32. g4 fxg4 33. hxg4 f5
34. g5 h6 35. gxh6 Kxh6 36. Kh3 Kh5 37. Kg3 Kg6 38. Kf3 a6 39. a3 b5 40. cxb5
axb5 41. Nc3 c4 42. b4 Bf6 43. Nxb5 c3 44. Nxc3 Bxc3 45. b5 Ba5 46. a4 Kf6 47.
Kg3 Bc7 48. Kf3 Ke6 49. Ke3 Kd5 50. Kd3 Bxf4 51. a5 Kc5 52. a6 Kb6 53. Ke2 Bb8
54. Kf3 f4 55. Ke4 Be5 56. Kf3 Ka7 57. Ke4 Bb8 58. Kf3 Kb6 59. Ke4 Kxb5 60. a7
Bxa7 61. Kxf4 {Game drawn because neither player has mating material} 1/2-1/2

[Event "Team 45 45 League T37"]
[Site "Internet Chess Club"]
[Date "2008.05.24"]
[Round "5"]
[White "Caminator"]
[Black "Toalla"]
[Result "1-0"]
[WhiteElo "1314"]
[BlackElo "1300"]
[Opening "Sicilian: dragon, Yugoslav attack, Rauser variation"]
[ECO "B76"]
[Time "11:02:16"]
[TimeControl "2700+45"]

1. e4 c5 2. Nf3 Nc6 3. d4 cxd4 4. Nxd4 g6 5. Nc3 Bg7 6. Be3 Nf6 7. f3 O-O 8. Qd2
d6 9. O-O-O a6 10. g4 Qc7 11. h4 b5 12. h5 b4 13. Nce2 Rb8 14. Bh6 e5 15. Nxc6
Qxc6 16. Bxg7 Kxg7 17. Qxd6 Qxd6 18. Rxd6 Nd7 19. Ng3 Nb6 20. Rc6 a5 21. Rc5 Be6
22. Rxa5 Rfc8 23. Bd3 Bc4 24. Kb1 f6 25. Ra7+ Bf7 26. Ba6 Ra8 27. Rxf7+ Kxf7 28.
Bxc8 Rxc8 29. hxg6+ Kxg6 30. Nf5 Rc7 31. Kc1 Rd7 32. Rd1 Kg5 33. Rxd7 Nxd7 34.
Kd2 Kf4 35. Ke2 Nc5 36. Ne7 Nd7 37. Nd5+ Kg3 38. Nxb4 Kf4 39. a4 Nc5 40. Nd5+
Kg5 41. a5 Na6 42. b4 Kg6 43. b5 Nb8 44. a6 Nd7 45. a7 {Black resigns} 1-0

[Event "Team 45 45 League T37"]
[Site "Internet Chess Club"]
[Date "2008.05.26"]
[Round "5"]
[White "Kingofknights"]
[Black "aifan376"]
[Result "1-0"]
[WhiteElo "1784"]
[BlackElo "1633"]
[Opening "King's Indian: Sämisch, orthodox, 7.d5 c6"]
[ECO "E88"]
[Time "11:00:09"]
[TimeControl "2700+45"]

1. d4 Nf6 2. c4 g6 3. Nc3 Bg7 4. e4 d6 5. f3 O-O 6. Be3 e5 7. d5 c6 8. Qd2 Ne8
9. Bd3 a6 10. c5 f5 11. exf5 Bxf5 12. Bc4 Kh8 13. Nge2 Nf6 14. Ng3 cxd5 15. Nxd5
Nxd5 16. Bxd5 Bc8 17. Rc1 Qe7 18. cxd6 Qd7 19. Ne4 Rd8 20. Bg5 Rf8 21. Rc7 Qa4
22. Rxg7 Qd4 23. Qxd4 exd4 24. Rc7 Nd7 25. Kd2 Rf5 26. Be6 {Black resigns} 1-0

[Event "Team 45 45 League T37"]
[Site "Internet Chess Club"]
[Date "2008.05.22"]
[Round "5"]
[White "Trevorking"]
[Black "tryanything"]
[Result "0-1"]
[WhiteElo "1458"]
[BlackElo "1702"]
[Opening "Four knights: Italian variation"]
[ECO "C55"]
[Time "21:13:58"]
[TimeControl "2700+45"]

1. e4 e5 2. Nf3 Nc6 3. Bc4 Nf6 4. Nc3 Nxe4 5. Nxe4 d5 6. Bxd5 Qxd5 7. d3 Bg4 8.
h3 Bh5 9. Ng3 Bxf3 10. Qxf3 Qxf3 11. gxf3 Nd4 12. Rb1 Nxc2+ 13. Kd2 Nd4 14. Ke3
O-O-O 15. Ke4 f6 16. Be3 g6 17. Rbc1 Bd6 18. Bxd4 exd4 19. f4 f5+ 20. Kf3 Rhe8
21. Rhe1 Bb4 22. Re2 Re7 23. Rxe7 Bxe7 24. a3 Rd6 25. Re1 Kd7 26. Nf1 Rb6 27.
Re5 Rxb2 28. Rd5+ Kc6 29. Rxd4 Bc5 {White resigns} 0-1

[Event "Team 45 45 League T37"]
[Site "Internet Chess Club"]
[Date "2008.05.26"]
[Round "5"]
[White "scottrugby"]
[Black "Fineas-Fogg"]
[Result "0-1"]
[WhiteElo "1539"]
[BlackElo "1458"]
[Opening "Scotch opening"]
[ECO "C44"]
[Time "19:13:23"]
[TimeControl "2700+45"]

1. e4 e5 2. Nf3 Nc6 3. d4 f5 4. Nxe5 Nxe5 5. dxe5 fxe4 6. Nc3 Bb4 7. Qd4 Bxc3+
8. Qxc3 d5 9. exd6 Qxd6 10. Qxg7 Qf6 11. Qxc7 Ne7 12. Bb5+ Nc6 13. Bxc6+ bxc6
14. O-O Bf5 15. Rd1 O-O 16. Rd6 Be6 17. Qxc6 Qxf2+ 18. Kh1 Qf1# {White
checkmated} 0-1

[Event "Team 45 45 League T37"]
[Site "Internet Chess Club"]
[Date "2008.05.26"]
[Round "5"]
[White "EyeAm"]
[Black "CLEAN"]
[Result "1-0"]
[WhiteElo "1423"]
[BlackElo "1290"]
[Opening "Giuoco Piano"]
[ECO "C54"]
[Time "15:01:28"]
[TimeControl "2700+45"]

1. e4 e5 2. Nf3 Nc6 3. Bc4 Bc5 4. c3 Nf6 5. d4 exd4 6. cxd4 Bb4+ 7. Bd2 Nxe4 8.
Bxb4 Nxb4 9. Qb3 d5 10. Qxb4 dxc4 11. O-O Qd6 12. Qxc4 O-O 13. Re1 Be6 14. Qd3
f5 15. Nc3 Bd5 16. Rac1 c5 17. Nb5 Qa6 18. dxc5 Qc6 19. Nc3 Nxc5 20. Qxd5+ Qxd5
21. Nxd5 Nd3 22. Ne7+ Kh8 23. Nh4 Nxe1 24. Rxe1 g6 25. Nexg6+ hxg6 26. Nxg6+ Kg7
27. Nxf8 Kxf8 28. h4 Re8 29. Rxe8+ Kxe8 30. Kh2 Kf7 31. f4 {Black resigns} 1-0

[Event "Team 45 45 League T37"]
[Site "Internet Chess Club"]
[Date "2008.05.23"]
[Round "5"]
[White "supraholic"]
[Black "Hastings"]
[Result "0-1"]
[WhiteElo "1312"]
[BlackElo "1343"]
[Opening "Sicilian defense"]
[ECO "B30"]
[Time "14:02:43"]
[TimeControl "2700+45"]

1. e4 c5 2. Nf3 Nc6 3. Bc4 Nf6 4. Nc3 e6 5. e5 Ng4 6. Qe2 d6 7. exd6 Bxd6 8. O-O
Qc7 9. g3 Nge5 10. Nb5 Nxf3+ 11. Qxf3 Qd7 12. Nxd6+ Qxd6 13. Re1 Ne5 14. Bb5+
Nc6 15. Bxc6+ Qxc6 16. Qxc6+ bxc6 17. Re5 Kd7 18. Rxc5 f6 19. d4 Rb8 20. a3 Rb5
21. Rxb5 cxb5 22. f4 Re8 23. Kf2 Bb7 24. b4 Rc8 25. Ra2 Be4 26. Ke3 Bxc2 27. Bb2
Bb3 28. Ra1 Rc2 29. Bc1 Rxh2 30. Rb1 Bc4 31. Rb2 Rh3 32. Kf3 Bd5+ 33. Kg4 Rh1
34. Rc2 h5# {White checkmated} 0-1

[Event "Team 45 45 League T37"]
[Site "Internet Chess Club"]
[Date "2008.05.24"]
[Round "5"]
[White "tmac63"]
[Black "CoasterBrake"]
[Result "0-1"]
[WhiteElo "1006"]
[BlackElo "1152"]
[Opening "Queen's pawn game"]
[ECO "A46"]
[Time "14:00:27"]
[TimeControl "2700+45"]

1. d4 Nf6 2. Nf3 d6 3. Bf4 g6 4. e3 Bg7 5. Bd3 c5 6. c3 cxd4 7. cxd4 Nc6 8. O-O
O-O 9. Re1 Nd5 10. Bg3 e5 11. Nc3 Nxc3 12. bxc3 Re8 13. Qb3 e4 14. Bc4 Qe7 15.
Bh4 Bf6 16. Bxf6 Qxf6 17. Bxf7+ Qxf7 18. Ng5 Qxb3 19. axb3 d5 20. c4 Nb4 21.
Rac1 Nd3 22. cxd5 Nxe1 23. Rxe1 b6 24. Rc1 Bb7 25. d6 Red8 26. Rc7 Rac8 27. Ne6
Rxc7 28. dxc7 Rc8 29. f3 exf3 30. gxf3 Bxf3 31. Kf2 Bd5 32. Nf4 Bxb3 33. e4 Rxc7
34. d5 Rd7 35. Ke3 a5 36. e5 Bxd5 37. Nxd5 Rxd5 38. e6 Kf8 39. Ke4 Rb5 40. h3
Ke7 41. Kd4 Kxe6 42. Kc4 Rb1 43. h4 h6 44. Kc3 a4 45. Kc4 a3 46. Kc3 a2 47. Kc2
a1=Q 48. Kd2 Rb3 49. Ke2 Qa2+ 50. Ke1 Rb1# {White checkmated} 0-1

[Event "Team 45 45 League T37"]
[Site "Internet Chess Club"]
[Date "2008.05.25"]
[Round "5"]
[White "gilalva"]
[Black "MeansToAnEnd"]
[Result "1-0"]
[WhiteElo "1175"]
[BlackElo "1119"]
[Opening "Sicilian: Grand Prix attack"]
[ECO "B21"]
[Time "12:48:04"]
[TimeControl "2700+45"]

1. e4 c5 2. f4 d6 3. Nf3 Nc6 4. Bc4 e6 5. d4 cxd4 6. Nxd4 Nf6 7. Nc3 Qb6 8. Bb5
a6 9. Bxc6+ bxc6 10. e5 dxe5 11. fxe5 Nd5 12. Nxd5 cxd5 13. c3 g6 14. Bg5 Bg7
15. Bf6 Bxf6 16. exf6 Qxb2 17. O-O Qxc3 18. Rc1 Qa3 19. Qc2 O-O 20. Qc6 Bd7 21.
Qxd7 Qe3+ 22. Kh1 Qxd4 23. Rce1 Qc4 24. Qd6 Rfd8 25. Qg3 Rab8 26. Qh3 h5 27. Qe3
Kf8 28. Qh6+ Ke8 29. Rc1 Qxa2 30. Rc7 Qa3 31. Qh8+ Qf8 32. Re7# {Black
checkmated} 1-0

[Event "Team 45 45 League T37"]
[Site "Internet Chess Club"]
[Date "2008.05.25"]
[Round "5"]
[White "PsyMar"]
[Black "Renato77"]
[Result "0-1"]
[WhiteElo "1162"]
[BlackElo "1165"]
[Opening "KP: Nimzovich defense"]
[ECO "B00"]
[Time "17:01:21"]
[TimeControl "2700+45"]

1. e4 Nc6 2. d4 e6 3. Nf3 d5 4. exd5 exd5 5. Qe2+ Qe7 6. Ne5 Nxd4 7. Bg5 f6 8.
Qh5+ g6 9. Bxf6 Nxf6 10. Qg5 Bf5 11. Bd3 Qxe5+ 12. Kd1 O-O-O 13. Re1 Bg4+ 14.
Qxg4+ Nxg4 15. Rxe5 Nxf2+ 16. Kc1 Bd6 17. Rxd5 Bf4+ 18. Nd2 Rxd5 19. Bc4 {White
resigns} 0-1

[Event "Team 45 45 League T37"]
[Site "Internet Chess Club"]
[Date "2008.05.24"]
[Round "5"]
[White "BosqueVerde"]
[Black "Sherrel"]
[Result "1-0"]
[WhiteElo "1221"]
[BlackElo "1072"]
[Opening "Four knights: Spanish variation"]
[ECO "C48"]
[Time "12:00:55"]
[TimeControl "2700+45"]

1. e4 e5 2. Nf3 Nc6 3. Bb5 Nf6 4. Nc3 d5 5. d3 Bb4 6. Bd2 O-O 7. O-O d4 8. Ne2
Bxd2 9. Qxd2 a6 10. Ba4 Be6 11. Bxc6 bxc6 12. Nxe5 Ng4 13. Nxc6 Qd6 14. g3 Qxc6
15. Nxd4 Qb6 16. Nxe6 fxe6 17. b3 h6 18. d4 Rad8 19. c3 c5 20. Qe2 Nf6 21. e5
Nd7 22. Qg4 Rf5 23. d5 Nxe5 24. Qe4 Rxd5 25. c4 Rd2 26. f4 Ng4 27. h3 Nf2 28.
Rxf2 Rxf2 29. Kxf2 Qd6 30. Kf3 Rf8 31. Re1 Kf7 32. Qb7+ Kf6 33. Kg4 g6 34. h4
h5+ 35. Kh3 Rd8 36. Qe4 Re8 37. Qe5+ Qxe5 38. Rxe5 Rd8 39. Rxc5 Rd1 40. Rc6 Rh1+
41. Kg2 {Black resigns} 1-0

[Event "Team 45 45 League T37"]
[Site "Internet Chess Club"]
[Date "2008.05.26"]
[Round "5"]
[White "WzeroMN"]
[Black "WannaB"]
[Result "0-1"]
[WhiteElo "1096"]
[BlackElo "1161"]
[Opening "Sicilian: Hungarian variation"]
[ECO "B27"]
[Time "16:28:28"]
[TimeControl "2700+45"]

1. e4 c5 2. Nf3 g6 3. d4 cxd4 4. Nxd4 Bg7 5. Bg5 Qa5+ 6. Nc3 Qxg5 7. Nf3 Qa5 8.
Qd2 d6 9. Be2 a6 10. O-O Nf6 11. Rab1 O-O 12. b4 Qc7 13. b5 b6 14. Bc4 Qxc4
{White resigns} 0-1

[Event "Team 45 45 League T37"]
[Site "Internet Chess Club"]
[Date "2008.05.22"]
[Round "5"]
[White "clarinetref"]
[Black "celebrat"]
[Result "0-1"]
[WhiteElo "1651"]
[BlackElo "1574"]
[Opening "Réti: King's Indian attack"]
[ECO "A05"]
[Time "20:00:30"]
[TimeControl "2700+45"]

1. Nf3 Nf6 2. g3 g6 3. Bg2 d6 4. d3 Bg7 5. e4 Nc6 6. O-O Bg4 7. h3 Bd7 8. c3 O-O
9. Be3 Rb8 10. Qc1 Re8 11. Bh6 Bh8 12. Ng5 Qc8 13. Kh2 Ne5 14. f3 Nxd3 15. Qc2
Nc5 16. f4 e6 17. e5 Nh5 18. b4 Na4 19. g4 Ng7 20. Ne4 Re7 21. Nf6+ Kf8 22.
Nxh7+ Kg8 23. Nf6+ Kf8 24. Bg5 Re8 25. Nxe8 Nxe8 26. Nd2 dxe5 27. fxe5 Bxe5+ 28.
Kh1 f5 29. Be4 Nxc3 30. Bd3 Bc6+ 31. Be4 Nxe4 32. Nxe4 Bxa1 33. Qc5+ Nd6 34.
Rxa1 Bxe4+ 35. Kg1 Qd7 36. Qxa7 Rc8 37. Qd4 Qg7 38. Bf6 Qh6 39. h4 b6 40. Re1
Ra8 41. Bg5 Qh7 42. Re2 Bd5 43. gxf5 gxf5 44. Qf6+ Nf7 45. Qe7+ Kg8 46. Qxc7
Nxg5 47. Qg3 Qg7 48. hxg5 Rxa2 49. Qb8+ Kf7 50. Qc7+ Kg6 51. Qxg7+ Kxg7 52. Kf2
Rxe2+ 53. Kxe2 Kg6 54. Ke3 Kxg5 55. Kd4 b5 56. Ke3 Kg4 {White resigns} 0-1

[Event "Team 45 45 League T37"]
[Site "Internet Chess Club"]
[Date "2008.05.21"]
[Round "5"]
[White "gtm"]
[Black "RD1974"]
[Result "1-0"]
[WhiteElo "1577"]
[BlackElo "1605"]
[Opening "Scandinavian (center counter) defense"]
[ECO "B01"]
[Time "20:02:53"]
[TimeControl "2700+45"]

1. e4 d5 2. e5 d4 3. c3 dxc3 4. bxc3 Nc6 5. Nf3 Bg4 6. d4 e6 7. Be2 Nge7 8. Bg5
h6 9. Bh4 Qd5 10. h3 Bh5 11. O-O Nf5 12. g4 Nxh4 13. Nxh4 Bg6 14. Nxg6 fxg6 15.
Bf3 Qd7 16. Qb3 O-O-O 17. Nd2 Na5 18. Qb2 b6 19. Nb3 Nc4 20. Qe2 Qa4 21. Qe4 g5
22. Qb7+ Kd7 23. d5 Nxe5 24. dxe6+ Kxe6 25. Rfe1 Kf6 26. Rxe5 Kxe5 27. Qxc7+ Bd6
28. Qxg7+ Ke6 29. Nd4+ Qxd4 30. cxd4 Bf4 31. Re1+ Kd6 32. Qe7# {Black
checkmated} 1-0

[Event "Team 45 45 League T37"]
[Site "Internet Chess Club"]
[Date "2008.05.27"]
[Round "5"]
[White "Aquaman"]
[Black "ADIOKiddo4Ever"]
[Result "0-1"]
[WhiteElo "1402"]
[BlackElo "1611"]
[Opening "Réti opening"]
[ECO "A05"]
[Time "21:00:12"]
[TimeControl "2700+45"]

1. Nf3 Nf6 2. g3 d5 3. Bg2 c6 4. O-O g6 5. d3 Bg7 6. Nbd2 O-O 7. Re1 Qb6 8. Rb1
Ng4 9. Rf1 Nd7 10. h3 Nge5 11. b3 Nxf3+ 12. Nxf3 Ne5 13. e3 Nxf3+ 14. Qxf3 Qa5
15. a4 Be6 16. Bb2 Bxb2 17. Rxb2 d4 18. e4 Rad8 19. Qe2 Bd7 20. Qe1 Qxe1 21.
Rxe1 e5 22. h4 Kg7 23. Kh2 f6 24. Bh3 g5 25. Bxd7 Rxd7 26. h5 f5 27. exf5 Rxf5
28. Rf1 g4 29. Kg2 Kh6 30. Rh1 Rdf7 31. Rf1 Kxh5 32. Rbb1 b6 33. b4 Kg5 34. Rbc1
h5 35. c4 Rf3 36. Rcd1 c5 37. bxc5 bxc5 38. Rd2 e4 39. dxe4 Ra3 40. e5 Re7 41.
Re1 Rxa4 42. Rc2 Kf5 43. f4 gxf3+ 44. Kxf3 Rxe5 45. Rh1 Ra3+ 46. Kf2 Kg5 47. Kg2
Ree3 48. Rh3 a5 49. Rb2 a4 50. Rb5 Ra2+ 51. Kf1 Kg4 52. Rh4+ Kxg3 53. Rh3+ Kxh3
54. Rxc5 d3 55. Rxh5+ Kg4 56. Rd5 Ra1+ 57. Kf2 Re2# {White checkmated} 0-1

[Event "Team 45 45 League T37"]
[Site "Internet Chess Club"]
[Date "2008.05.26"]
[Round "5"]
[White "bmw2002"]
[Black "isolani"]
[Result "1-0"]
[WhiteElo "1627"]
[BlackElo "1560"]
[Opening "English opening"]
[ECO "A20"]
[Time "20:10:39"]
[TimeControl "2700+45"]

1. c4 e5 2. g3 f5 3. Bg2 Nf6 4. Nc3 Bc5 5. e3 c6 6. Nge2 O-O 7. O-O d5 8. cxd5
cxd5 9. d4 Bd6 10. dxe5 Bxe5 11. Nxd5 Nc6 12. Qb3 Qxd5 {Black resigns} 1-0

[Event "Team 45 45 League T37"]
[Site "Internet Chess Club"]
[Date "2008.05.24"]
[Round "5"]
[White "jjmolina"]
[Black "Luckydawg"]
[Result "1/2-1/2"]
[WhiteElo "1642"]
[BlackElo "1724"]
[Opening "Pirc: classical system, 5.Be2"]
[ECO "B08"]
[Time "00:59:43"]
[TimeControl "2700+45"]

1. e4 d6 2. d4 Nf6 3. Nc3 g6 4. Nf3 Bg7 5. Be2 O-O 6. O-O Bg4 7. Be3 Nc6 8. Qd2
e5 9. d5 Ne7 10. Rad1 Bd7 11. Ne1 b5 12. a3 a6 13. Nd3 Ne8 14. f3 f5 15. b4 Nf6
16. Kh1 f4 17. Bf2 g5 18. g3 Ng6 19. Rg1 h6 20. Qe1 Kh8 21. g4 Rf7 22. h4 Bf8
23. h5 Ne7 24. Nb2 c6 25. dxc6 Bxc6 26. a4 Qd7 27. a5 Nxh5 28. Rg2 Nf6 29. Rd2
Qc7 30. Bb6 Qb8 31. Nbd1 Nc8 32. Bf2 Qb7 33. Na2 d5 34. exd5 Bxd5 35. c4 Bxf3
36. Bxf3 Qxf3 37. cxb5 axb5 38. Qxe5 Qc6 39. Bc5 Bg7 40. Rd8+ Ng8 41. Qe8 Qxe8
42. Rxe8 Kh7 43. Rd2 Nf6 44. Rdd8 Nxe8 45. Rxe8 Rc7 46. Nf2 Ra6 47. Nc1 Nd6 48.
Re6 Rac6 49. Ncd3 Nb7 50. Re8 Nxc5 51. Nxc5 Bd4 52. Nfd3 Bxc5 53. Nxc5 Rxc5 54.
bxc5 Rxc5 55. Re7+ Kg8 56. a6 Rc8 57. Rb7 Rc1+ 58. Kg2 Rc2+ 59. Kf3 Rc3+ 60. Kf2
Rc2+ 61. Kf3 Rc3+ 62. Kf2 Rc2+ 63. Kf3 {Game drawn by repetition} 1/2-1/2

[Event "Team 45 45 League T37"]
[Site "Internet Chess Club"]
[Date "2008.05.25"]
[Round "5"]
[White "MathWorker"]
[Black "Shereshevsky"]
[Result "0-1"]
[WhiteElo "1571"]
[BlackElo "1524"]
[Opening "Three knights: Steinitz variation"]
[ECO "C46"]
[Time "20:00:36"]
[TimeControl "2700+45"]

1. e4 e5 2. Nc3 Nc6 3. Nf3 g6 4. d4 exd4 5. Nxd4 Bg7 6. Be3 Nge7 7. Bc4 O-O 8.
O-O a6 9. a4 d6 10. Nce2 Bd7 11. c3 Ne5 12. Bb3 b5 13. axb5 axb5 14. f4 Ng4 15.
Bd2 Re8 16. f5 Nf6 17. fxg6 hxg6 18. Ng3 c5 19. Nf3 c4 20. Bc2 Qb6+ 21. Kh1 Bc6
22. Nd4 Rxa1 23. Qxa1 Ng4 24. Qd1 Bd7 25. h3 Ne5 26. Nf3 d5 27. Nxe5 Bxe5 28.
Qf3 Be6 29. Bf4 Bxf4 30. Qxf4 Kg7 31. Qf6+ Kg8 32. Rf4 Qe3 33. Rh4 Kf8 34. Rh8+
Ng8 35. Kh2 Qd2 36. exd5 Bxd5 37. Be4 Bxe4 38. Nxe4 Rxe4 39. Qf3 Re8 40. Rh7
Qd6+ 41. Kg1 Re1+ 42. Kf2 Qd2+ 43. Kg3 Re3 44. Rxf7+ Ke8 45. Rf8+ Kd7 46. Rxg8
Rxf3+ 47. Kxf3 Qd5+ {White resigns} 0-1